Map: Submarine LE

Players

llllllllllll

  • Race: Terran Terran
  • League: Grandmaster
  • Spawn Location: 11:00

Maplez - Winner!

  • Race: Protoss Protoss
  • League: Grandmaster
  • Spawn Location: 5:00

VOD

Have the link to the VOD?

Description

Time

  • Played on: Nov. 5, 2020, 3:56 p.m.
  • Length: 9:21
Show
View Real Time Build Order
Export as new Build Order

llllllllllll Terran 

Build Orders:  

Get SALT Encoding   

  12  0:00  SCV  
  13  0:12  SCV  
  14  0:17  Supply Depot  
  14  0:25  SCV  
  15  0:39  SCV  
  15  0:40  Barracks  
  16  0:46  Refinery  
  16  0:51  SCV  
  17  1:03  SCV  
  18  1:26  Marine  
  18  1:27  Orbital Command  
  18  1:29  Supply Depot  
  19  1:44  Marine  
  20  1:56  SCV  
  21  2:01  Bunker  
  21  2:02  Marine  
  21  2:08  SCV  
  23  2:14  Command Center  
  23  2:21  Marine  
  24  2:23  Refinery  
  24  2:25  SCV  
  26  2:37  SCV  
  26  2:40  Factory  
  26  2:44  Barracks Reactor  
  26  2:49  SCV  
  26  3:01  SCV  
  27  3:10  Supply Depot  
  27  3:13  SCV  
  28  3:21  Marine x2  
  28  3:24  Factory Tech Lab  
  28  3:25  SCV, Starport  
  31  3:28  Orbital Command  
  31  3:37  SCV  
  31  3:39  Marine  
  31  3:40  Marine  
  34  3:44  Siege Tank  
  37  3:49  SCV  
  37  3:53  Barracks  
  38  3:55  SCV  
  38  3:57  Marine  
  38  4:01  SCV  
  38  4:02  Medivac  
  43  4:04  Marine  
  43  4:09  SCV  
  45  4:15  Marine  
  45  4:16  Siege Tank  
  49  4:21  Supply Depot  
  49  4:24  Marine  
  49  4:26  SCV  
  49  4:27  SCV  
  52  4:33  Medivac  
  52  4:37  Supply Depot  
  54  4:40  Refinery  
  54  4:42  Marine  
  54  4:43  Marine, Barracks Tech Lab  
  57  4:45  SCV  
  57  4:46  SCV  
  58  4:54  Supply Depot  
  58  4:55  Siege Tank  
  58  4:57  SCV  
  62  5:00  Marine  
  62  5:03  Marine x2  
  62  5:06  Stimpack  
  65  5:17  SCV, Supply Depot  
  65  5:18  Marine  
  65  5:20  Marine  
  65  5:21  Marine  
  69  5:34  Liberator  
  72  5:35  Marine  
  72  5:38  SCV x2, Marine x2  
  77  5:50  Supply Depot  
  77  5:53  Marine, Siege Tank  
  77  5:56  Marine x2  
  83  6:09  SCV x2  
  85  6:11  Supply Depot, Marine  
  85  6:14  Marine x2  
  85  6:16  Liberator  
  91  6:29  Marine  
  91  6:32  Marine x2  
  94  6:39  Siege Tank  
  97  6:40  SCV x2  
  97  6:43  Engineering Bay  
  97  6:44  Engineering Bay  
  97  6:45  Combat Shield  
  99  6:47  Marine  
  99  6:49  Marine  
  99  6:50  Marine  
  101  7:05  Marine  
  102  7:24  Supply Depot  
  102  7:25  Terran Infantry Weapons Level 1, Marine x3, Siege Tank  
  102  7:27  Supply Depot, Terran Infantry Armor Level 1  
  106  7:43  Marine x3  
  106  8:00  Marine x3  
  106  8:03  Siege Tank  
  106  8:04  Liberator  
  115  8:18  Marine x3  
  118  8:35  Siege Tank  
  118  8:36  Marine x3  
  124  8:54  Marine x3  
Show
View Real Time Build Order
Export as new Build Order

Maplez Protoss - Winner!

Build Orders: Blink Stalkers 

Get SALT Encoding   

  12  0:00  Probe  
  13  0:12  Probe  
  14  0:19  Pylon  
  14  0:24  Probe  
  15  0:37  Probe (Chrono Boost)  
  15  0:39  Gateway  
  16  0:46  Probe (Chrono Boost)  
  17  0:51  Probe (Chrono Boost)  
  17  0:52  Assimilator  
  18  1:02  Assimilator  
  18  1:04  Probe  
  19  1:16  Probe  
  20  1:26  Cybernetics Core  
  20  1:29  Pylon  
  20  1:31  Probe  
  21  1:52  Nexus  
  20  1:56  Probe  
  21  2:01  Adept (Chrono Boost)  
  23  2:10  Assimilator  
  23  2:13  Warp Gate  
  23  2:14  Probe  
  24  2:24  Twilight Council  
  24  2:27  Probe (Chrono Boost)  
  25  2:39  Probe (Chrono Boost)  
  25  2:41  Stalker  
  28  2:45  Probe (Chrono Boost)  
  29  2:53  Probe (Chrono Boost)  
  30  3:06  Probe (Chrono Boost), Blink (Chrono Boost)  
  30  3:09  Shield Battery  
  30  3:11  Probe (Chrono Boost)  
  30  3:14  Probe (Chrono Boost)  
  30  3:18  Probe (Chrono Boost)  
  32  3:20  Probe  
  32  3:21  Stalker  
  35  3:29  Probe  
  36  3:35  Probe  
  36  3:37  Robotics Facility  
  37  3:41  Probe  
  37  3:45  Gateway  
  37  3:47  Probe  
  39  3:54  Probe  
  40  3:57  Gateway  
  40  3:59  Probe  
  40  4:00  Pylon  
  41  4:04  Stalker  
  41  4:06  Probe  
  44  4:11  Probe  
  44  4:12  Pylon  
  45  4:19  Probe  
  45  4:21  Gateway  
  45  4:23  Assimilator  
  46  4:25  Observer  
  46  4:27  Stalker  
  46  4:29  Probe  
  50  4:38  Probe  
  51  4:40  Pylon  
  51  4:42  Stalker  
  53  4:47  Observer  
  54  4:53  Stalker x2  
  58  5:02  Probe  
  58  5:03  Charge (Chrono Boost)  
  59  5:10  Observer  
  59  5:13  Nexus  
  60  5:21  Probe  
  61  5:22  Pylon  
  61  5:23  Assimilator  
  61  5:24  Probe  
  61  5:26  Observer  
  62  5:32  Stalker x3  
  68  5:36  Stalker  
  68  5:39  Observer  
  68  5:42  Gateway  
  70  5:46  Gateway  
  70  5:50  Observer  
  70  5:53  Gateway  
  70  5:55  Gateway  
  70  6:04  Observer  
  70  6:05  Pylon  
  70  6:09  Pylon  
  70  6:10  Observer  
  70  6:11  Forge  
  70  6:23  Zealot x4  
  78  6:26  Probe, Observer  
  78  6:27  Probe  
  78  6:30  Probe  
  81  6:33  Observer  
  81  6:39  Probe x2  
  83  6:41  Zealot x2  
  83  6:42  Probe  
  83  6:44  Templar Archives  
  88  6:51  Probe x2  
  90  6:55  Probe  
  90  7:01  Zealot  
  90  7:02  Zealot x3  
  90  7:03  Probe x2  
  90  7:06  Shield Battery  
  100  7:09  Probe, Protoss Ground Weapons Level 1 (Chrono Boost)  
  100  7:11  Psionic Storm  
  101  7:16  Zealot x4  
  101  7:21  Pylon  
  109  7:39  Probe  
  109  7:44  High Templar x3, Observer  
  110  7:48  Pylon  
  116  8:07  High Templar x3  
  116  8:10  Observer  
  122  8:14  Shield Battery  
  122  8:15  Shield Battery  
  122  8:16  Zealot  
  122  8:18  Shield Battery  
  124  8:22  Pylon, Observer  
  124  8:25  Pylon x2  
  124  8:40  Nexus  
  124  8:42  Pylon  
  124  8:44  Pylon  
  124  8:45  Zealot x7  
  124  8:46  Pylon, Zealot  
  132  9:01  Archon x2  
  86  9:07  Zealot x2  
  86  9:08  Zealot x6  
Tags
 
Add a new tag
Caveats
  • Supply blocks, unpowered buildings, or Contaminate may cause inaccurate times.
  • Supply counts are checked every 10 seconds.